 Dungeon Crawl Stone Soup version 0.23-a0-690-g0a1fc62 (webtiles) character file.

7948 galech the Cleaver (level 11, -4/83 HPs)
             Began as a Demonspawn Fighter on Jan 11, 2019.
             Was a High Priest of Okawaru.
             Slain by an ogre
             ... wielding a +0 giant club
              (16 damage)
             ... on level 10 of the Dungeon.
             The game lasted 00:15:20 (9190 turns).

galech the Cleaver (Demonspawn Fighter)             Turns: 9190, Time: 00:15:21

Health: -4/83      AC: 12    Str: 16    XL:     11   Next: 3%
Magic:  0/11       EV: 15    Int: 10    God:    Okawaru [*****.]
Gold:   606        SH: 13    Dex: 19    Spells: 10/10 levels left

rFire    . . .     SeeInvis .   a - +0 war axe
rCold    + . .     Gourm    .   c - +0 shield
rNeg     . . .     Faith    .   G - +2 scale mail {rC+}
rPois    .         Spirit   +   (no helmet)
rElec    .         Reflect  .   (no cloak)
rCorr    .         Harm     .   n - +0 pair of gloves
MR       .....                  (boots unavailable)
Stlth    ++........             (no amulet)
HPRegen  0.23/turn              t - +5 ring of slaying
MPRegen  0.24/turn              r - +3 ring of dexterity

@: heroism
A: talons 3, magic shield, magic regeneration, rot immunity
a: Heroism, Finesse, Renounce Religion


You were on level 10 of the Dungeon.
You worshipped Okawaru.
Okawaru was extremely pleased with you.
You were not hungry.

You visited 2 branches of the dungeon, and saw 11 of its levels.

You collected 642 gold pieces.
You spent 36 gold pieces at shops.

Inventory:

Hand Weapons
 a - a +0 war axe (weapon)
Armour
 b - a +0 plate armour
 c - a +0 shield (worn)
 n - a +0 pair of gloves (worn)
 y - +0 steam dragon scales
 G - a +2 scale mail of cold resistance (worn)
 J - a +2 leather armour of poison resistance
Jewellery
 p - an uncursed ring of fire
 r - a +3 ring of dexterity (right hand)
 t - a +5 ring of slaying (left hand)
 x - an uncursed ring of flight
 H - a +4 ring of intelligence
Wands
 h - a wand of disintegration (48)
 s - a wand of digging (6)
 C - a wand of flame (52)
 K - a wand of paralysis (8)
 L - a wand of random effects (15)
Scrolls
 e - 4 scrolls of fear
 g - 2 scrolls of random uselessness
 i - 3 scrolls of blinking
 m - 6 scrolls of enchant armour
 u - 6 scrolls of remove curse
 v - 5 scrolls of teleportation
 F - a scroll of magic mapping
 I - a scroll of amnesia
Potions
 d - a potion of invisibility
 j - 2 potions of ambrosia {unknown}
 k - 4 potions of heal wounds {unknown}
 l - a potion of berserk rage
 o - 5 potions of curing
 q - a potion of lignification {unknown}
 w - 3 potions of might
 z - a potion of resistance {unknown}
 A - a potion of flight {unknown}
 B - 2 potions of mutation {unknown}
 D - 2 potions of agility
Miscellaneous
 E - a fan of gales
Comestibles
 f - 18 rations


   Skills:
 + Level 6.7(11.7) Fighting
 + Level 10.6(15.6) Axes
 + Level 7.3(12.3) Armour
 + Level 3.4(8.4) Dodging
 + Level 0.6(5.6) Stealth
 + Level 7.1(12.1) Shields
 + Level 1.2 Invocations
 + Level 0.5 Evocations


You had 10 spell levels left.
You didn't know any spells.
Your spell library contained the following spells:

 Spells                   Type           Power        Failure   Level  Hunger
 Corona                   Hex            #......      82%         1    ##.....
 Infusion                 Chrm           #...         82%         1    ##.....
 Sting                    Conj/Pois      #...         82%         1    ##.....
 Poisonous Vapours        Pois/Air       #.....       91%         2    ###....
 Shroud of Golubria       Chrm/Tloc      #.........   91%         2    ###....
 Slow                     Hex            #.......     91%         2    ###....
 Song of Slaying          Chrm           #.......     91%         2    ###....
 Inner Flame              Hex/Fire       #.......     99%         3    ####...
 Mephitic Cloud           Conj/Pois/Air  #.......     99%         3    ####...
 Portal Projectile        Hex/Tloc       #.....       99%         3    ####...
 Regeneration             Chrm/Necr      #.........   99%         3    ####...
 Spectral Weapon          Hex/Chrm       #.......     99%         3    ####...
 Cause Fear               Hex            #.........   100%        4    #####..
 Leda's Liquefaction      Hex/Erth       #.........   100%        4    #####..
 Olgreb's Toxic Radiance  Pois           #.......     100%        4    #####..
 Venom Bolt               Conj/Pois      #.........   100%        5    ######.


Dungeon Overview and Level Annotations

Branches:
Dungeon (10/15)            Temple (1/1) D:4            Lair (0/6) D:8
    Orc: D:9-12

Altars:
Ashenzari
Dithmenos
Gozag
Hepliaklqana
Makhleb
Nemelex Xobeh
Okawaru
Qazlal
Sif Muna
Trog
Uskayaw
Wu Jian
Yredelemnul
Beogh

Shops:
D:4 !   D:6 !


Innate Abilities, Weirdness & Mutations

You have claws for feet.
When hurt, damage is shared between your health and your magic reserves.
You regenerate magic rapidly.
You are immune to rotting.


Message History

You kill the orc warrior!
Okawaru accepts your kill.
The orc warrior hits you with a +0 hand axe!
* * * LOW HITPOINT WARNING * * *
You slash the orc warrior!
You kill the orc warrior!
Okawaru accepts your kill.
Unknown command.
You slash the orc!
You kill the orc!
Okawaru accepts your kill.
An orc comes into view. It is wielding a +0 hand axe.
You block the ogre's attack.
The orc moves out of view.
Found a roughly hewn altar of Beogh.
Items here: $ ))))))))))) [[[[[[[[ †††††† You slice the ogre!!
The ogre is almost dead.
You hear a shout!
The ogre hits you with a +0 giant club!!
You die...

#.....(..#
#######....##.......
###.#######...
#########'####
##...# #... #..##
#<.### #... ##..#
##.##########.._
##'##
#..........##...
#.... #..........#
... ### #....
#...........
##O####.# ####....
#..........#
#..@)...#####..'....
#..........#
+..)(...'.....##....
#..........#
#.......########....
############
######### #####


You could see an ogre.

Vanquished Creatures
  Harold (D:7)
  Pikel (D:7)
  A komodo dragon (D:8)
  A merfolk (D:9)
  A troll (D:7)
  Prince Ribbit (D:7)
  2 hornets
  Sigmund (D:2)
  A steam dragon (D:9)
  2 water moccasins
  Duvessa (D:7)
  6 orc warriors
  An ice beast (D:6)
  2 phantoms
  A necrophage (D:9)
  5 ogres
  An eye of draining (D:9)
  2 centaurs
  2 big kobolds
  Blork the orc (D:6)
  2 bullfrogs
  Dowan (D:7)
  3 scorpions
  5 killer bees (D:9)
  19 wights
  2 howler monkeys (D:7)
  2 electric eels (D:8)
  A crimson imp (D:3)
  8 orc priests
  6 hounds
  3 jellies
  A gnoll shaman (D:9)
  2 bullfrog skeletons
  10 orc wizards
  Jessica (D:2)
  2 centaur skeletons
  2 iguanas (D:8)
  9 worker ants
  A killer bee zombie (D:8)
  A hound zombie (D:6)
  A howler monkey zombie (D:6)
  10 adders
  7 gnolls
  A shadow imp (D:8)
  2 oozes
  An adder zombie (D:8)
  2 adder skeletons
  A worm (D:3)
  3 dart slugs
  6 leopard geckos
  61 orcs
  4 ball pythons
  3 giant cockroaches
  6 goblins
  6 hobgoblins
  4 jackals (D:4)
  21 kobolds
  6 quokkas
  8 bats
  3 frilled lizards
  A jackal skeleton (D:6)
  2 quokka skeletons
  A quokka zombie (D:8)
  7 rats
  A spectral orc (D:8)
283 creatures vanquished.

Vanquished Creatures (others)
  A slave (D:8)
  A plant (D:8)
2 creatures vanquished.

Grand Total: 285 creatures vanquished

Notes
Turn   | Place    | Note
-------+----------+-------------------------------------------
     0 | D:1      | galech the Demonspawn Fighter began the quest for the Orb.
     0 | D:1      | Reached XP level 1. HP: 18/18 MP: 1/1
   142 | D:1      | Gained mutation: You are immune to rotting. [demonic
                  | ancestry]
   142 | D:1      | Reached XP level 2. HP: 23/24 MP: 2/2
   143 | D:1      | You fall through a shaft!
   147 | D:2      | Reached skill level 2 in Axes
   147 | D:2      | Reached XP level 3. HP: 29/29 MP: 3/3
   873 | D:2      | Noticed Sigmund
   879 | D:2      | Killed Sigmund
   879 | D:2      | Reached skill level 3 in Axes
   879 | D:2      | Reached skill level 1 in Dodging
   879 | D:2      | Gained mutation: You have sharp toenails. [demonic
                  | ancestry]
   879 | D:2      | Reached XP level 4. HP: 25/35 MP: 4/4
   879 | D:2      | Gained mutation: When hurt, damage is shared between your
                  | health and your magic reserves. [demonic ancestry]
   879 | D:2      | Reached XP level 5. HP: 29/41 MP: 5/5
  1307 | D:2      | Noticed Jessica
  1313 | D:2      | Killed Jessica
  1313 | D:2      | Reached XP level 6. HP: 47/47 MP: 6/6
  1491 | D:2      | Found an opulent altar of Gozag.
  2067 | D:3      | Reached skill level 4 in Axes
  2474 | D:4      | Gained mutation: You regenerate magic rapidly. [demonic
                  | ancestry]
  2474 | D:4      | Reached XP level 7. HP: 43/53 MP: 5/7
  2844 | D:4      | Found a staircase to the Ecumenical Temple.
  2853 | Temple   | Entered the Ecumenical Temple
  2872 | Temple   | Became a worshipper of Warmaster Okawaru
  2913 | D:4      | Found Biczapuh's Distillery.
  2916 | D:4      | Bought a potion of curing for 36 gold pieces
  2962 | D:4      | Found a shadowy altar of Dithmenos.
  3276 | D:3      | Found a shattered altar of Ashenzari.
  3392 | D:4      | Reached skill level 5 in Axes
  3445 | D:4      | Reached skill level 5 in Armour
  3445 | D:4      | Reached XP level 8. HP: 54/60 MP: 6/8
  3900 | D:4      | Found a burning altar of Makhleb.
  4043 | D:5      | Entered Level 5 of the Dungeon
  4078 | D:5      | You fall through a shaft!
  4078 | D:6      | Found Heocs's Distillery.
  4082 | D:6      | Reached skill level 5 in Shields
  4165 | D:5      | Reached * piety under Okawaru
  4248 | D:5      | Found a stormy altar of Qazlal.
  4250 | D:5      | Noticed an air elemental
  4418 | D:5      | Reached skill level 6 in Axes
  5193 | D:6      | Reached ** piety under Okawaru
  5343 | D:6      | Noticed Blork the orc
  5349 | D:6      | Killed Blork the orc
  5448 | D:7      | Reached skill level 7 in Axes
  5510 | D:7      | Noticed Harold
  5528 | D:7      | Killed Harold
  5528 | D:7      | Reached skill level 5 in Fighting
  5528 | D:7      | Gained mutation: You have razor-sharp toenails. [demonic
                  | ancestry]
  5528 | D:7      | Reached XP level 9. HP: 23/68 MP: 2/9
  5763 | D:7      | Noticed Dowan
  5764 | D:7      | Noticed Duvessa
  5769 | D:7      | Killed Duvessa
  5772 | D:7      | Killed Dowan
  5772 | D:7      | Reached skill level 8 in Axes
  5874 | D:7      | Noticed a troll
  5881 | D:7      | Killed a troll
  5881 | D:7      | Reached *** piety under Okawaru
  6076 | D:7      | Reached skill level 1 in Invocations
  6107 | D:7      | Noticed Prince Ribbit
  6227 | D:7      | Paralysed by a hornet for 1 turns
  6267 | D:7      | Killed Prince Ribbit
  6267 | D:7      | Reached **** piety under Okawaru
  6267 | D:7      | Reached skill level 9 in Axes
  6267 | D:7      | Reached XP level 10. HP: 51/76 MP: 10/10
  7128 | D:8      | Noticed Pikel
  7143 | D:7      | Killed Pikel
  7215 | D:8      | Found a basalt altar of Yredelemnul.
  7389 | D:8      | Found a staircase to the Lair.
  7914 | D:9      | Found a sparkling altar of Nemelex Xobeh.
  7914 | D:9      | Found a hazy altar of Hepliaklqana.
  7991 | D:9      | Reached skill level 10 in Axes
  8815 | D:9      | Found a shattered altar of Ashenzari.
  8890 | D:9      | Reached ***** piety under Okawaru
  9087 | D:10     | Entered Level 10 of the Dungeon
  9167 | D:10     | Gained mutation: You have claws for feet. [demonic
                  | ancestry]
  9167 | D:10     | Reached XP level 11. HP: 54/83 MP: 9/11
  9189 | D:10     | Found a roughly hewn altar of Beogh.
  9190 | D:10     | Slain by an ogre

Vault maps used:
D:1:      giann_forest_graveyard
D:2:      grunt_gozag_breadcrumbs, uniq_jessica, uniq_sigmund
D:3:      lemuel_upstairs_altar
D:4:      lightli_temple_of_fire, lemuel_doored_altar, minmay_temple_entry_tees,
          minivault_24, minmay_shop_grid_forest
D:5:      nicolae_qazlal_style_of_elements, first_ration,
          kennysheep_small_spiral
D:6:      serial_shops, nicolae_shop_stone, grunt_ministairs_8,
          uniq_blork_the_orc
D:7:      uniq_duvessa, uniq_prince_ribbit1, uniq_harold
D:8:      statuecave_lemuel, yredelemnul_forgotten_temple_becter,
          david_lair_shrubbed, uniq_pikel
D:9:      chequers_temple_overflow_statue_of_worship, hangedman_fish_farm,
          ashenzari_altar_1
D:10:     special_room
Temple:   regret_index_temple_waves

Skill      XL: |  1  2  3  4  5  6  7  8  9 10 |
---------------+-------------------------------+-----
Axes           | 2 3 4 5 7 9 10 | 10.6
Armour         | 3 4 5 6 7 |  7.3
Shields        | 3 4 5 6 7 |  7.1
Dodging        | 1 2 3 |  3.4
Fighting       | 4 5 6 |  6.7
Invocations    | 1 |  1.2
Stealth        | |  0.6
Evocations     | |  0.5

Action                   |  1- 3 |  4- 6 |  7- 9 | 10-12 || total
-------------------------+-------+-------+-------+-------++-------
Melee: War axe           |    78 |   145 |   239 |   265 ||   727
       Kick              |       |    39 |    79 |    96 ||   214
Invok: Heroism           |       |       |     3 |     5 ||     8
Evoke: Wand              |       |       |       |     4 ||     4
  Use: Potion            |     2 |       |       |     1 ||     3
       Scroll            |       |       |     7 |     5 ||    12
  Eat: Chunk             |       |     5 |    13 |     9 ||    27
Armor: Scale mail        |    39 |    73 |    70 |    59 ||   241
       Chain mail        |       |       |       |     4 ||     4
       Plate armour      |       |       |       |     4 ||     4
Dodge: Dodged            |    38 |    51 |    89 |    89 ||   267
Block: Shield            |    44 |   100 |   139 |   145 ||   428

Table legend:
 A = Non-vault XP
 B = Vault XP
 C = Vault XP percentage of total XP
 D = Non-vault monster count
 E = Vault monster count
 F = Vault count percentage of total count
                 A         B        C        D         E       F
            +---------+---------+-------+---------+---------+-------
      Total |    7569 |    3786 |  33.3 |     246 |      37 |  13.1
            +---------+---------+-------+---------+---------+-------
        D:1 |      28 |       0 |   0.0 |      16 |       0 |   0.0
        D:2 |     171 |     260 |  60.3 |      28 |       2 |   6.7
        D:3 |     221 |       0 |   0.0 |      35 |       0 |   0.0
        D:4 |     840 |       0 |   0.0 |      29 |       0 |   0.0
        D:5 |     238 |       0 |   0.0 |       9 |       0 |   0.0
        D:6 |     681 |     114 |  14.3 |      15 |       3 |  16.7
        D:7 |    1544 |    2097 |  57.6 |      25 |       5 |  16.7
        D:8 |    1460 |     368 |  20.1 |      40 |       2 |   4.8
        D:9 |    2371 |     328 |  12.2 |      47 |       1 |   2.1
       D:10 |      15 |     619 |  97.6 |       2 |      24 |  92.3
            +---------+---------+-------+---------+---------+-------
